 Dungeon Crawl Stone Soup version bcrawl-1.23.3 (webtiles) character file.

Game seed: 6496798879094390558

2109 Morbidden the Magician (level 9, -15/105 HPs)
             Began as a Demigod Wizard on June 3, 2020.
             Demolished by an ogre
             ... wielding a +0 giant club
              (17 damage)
             ... on level 7 of the Dungeon.
             The game lasted 00:23:13 (7933 turns).

Morbidden the Magician (Demigod Wizard)             Turns: 7933, Time: 00:23:13

Health: -15/105    AC: 24    Str: 11    XL:     9   Next: 7%
Magic:  16/22      EV:  1    Int: 28    God:    Demigod [***...]
Gold:   145        SH:  0    Dex: 24    Spells: 13/20 levels left

rFire    + . .     SeeInvis .   F - staff of wizardry
rCold    + . .     Gourm    .   (no shield)
rNeg     + + +     Faith    +   (armour currently unavailable)
rPois    +         Spirit   .   (helmet currently unavailable)
rElec    +         Reflect  .   (cloak currently unavailable)
rCorr    +         Harm     .   (gloves currently unavailable)
MR       .....     NoTele   +   (boots currently unavailable)
Stlth    ++++++....             x - amulet of faith
HPRegen  0.27/turn              l - ring of stealth
MPRegen  0.18/turn              g - +4 ring of dexterity

@: agile, swift, tree-form, resistant, berserk cooldown, very slightly
contaminated, slowed, invisible
A: giant, high mp 1
a: Temporal Distortion, Growth, Major Destruction


You were on level 7 of the Dungeon.
You worshipped Demigod.
Demigod was most pleased with you.
You were hungry.
You were a tree.
You visited 1 branch of the dungeon, and saw 7 of its levels.

You collected 354 gold pieces.
You spent 209 gold pieces at shops.

Inventory:

Armour
 b - a +0 robe (melded)
 c - a +0 hat (melded)
 d - a +1 pair of gloves (melded)
 p - the +2 pair of boots of the Wilderness (melded) {Int+7}
   (You bought it in a shop on level 4 of the Dungeon)

   It affects your intelligence (+7).
 v - a +0 cloak (melded)
Magical Staves
 F - an uncursed staff of wizardry (weapon)
Jewellery
 g - a +4 ring of dexterity (right branch)
 l - a ring of stealth (left branch)
 x - an amulet of faith (around neck)
 y - an uncursed ring of insulation
Scrolls
 a - a scroll of immolation {unknown}
 h - 3 scrolls of amnesia {unknown}
 i - 2 scrolls of fear {unknown}
 j - 11 scrolls of remove curse
 k - 4 scrolls of teleportation {unknown}
 o - a scroll of noise {unknown}
 r - 4 scrolls of identify
 u - a scroll of magic mapping {unknown}
 C - a scroll of blinking {unknown}
 D - 2 scrolls of fog {unknown}
Potions
 f - a potion of brilliance
 m - a potion of resistance
 t - a potion of flight
 B - 2 potions of haste
Comestibles
 e - 7 rations {!d}


   Skills:
 * Level 3.4 Fighting
   Level 0.6 Short Blades
 - Level 0.8 Staves
 * Level 3.9 Dodging
 + Level 4.0 Stealth
 + Level 2.4 Unarmed Combat
 * Level 6.1 Spellcasting
 + Level 3.7 Conjurations
   Level 0.8 Summonings
   Level 0.8 Translocations
 + Level 2.5 Transmutations
 + Level 0.7 Air Magic
 + Level 3.0 Poison Magic


You had 13 spell levels left.
You knew the following spells:

 Your Spells              Type           Power        Failure   Level  Hunger
a - Magic Dart            Conj           ####         1%          1    None
b - Spider Form           Tmut/Pois      ###          2%          3    None
c - Mephitic Cloud        Conj/Pois/Air  ###.....     2%          3    None

Your spell library contained the following spells:

 Spells                   Type           Power        Failure   Level  Hunger
 Blink                    Tloc           N/A          2%          2    None
 Call Imp                 Summ           ##....       2%          2    None
 Conjure Flame            Conj/Fire      ###.....     3%          3    None


Dungeon Overview and Level Annotations

Branches:
Dungeon (7/12)             Temple (0/1) D:5
   Lair: D:7-9

Shops:
D:4 [**[[


Innate Abilities, Weirdness & Mutations

You have an increased reservoir of magic. (+10% MP)


Message History

The fire dragon claws you!
* * * LOW HITPOINT WARNING * * *
The fire dragon completely misses you.
You hear an angry hiss.
Unknown command.
Okay, then.
Really quaff the potion of lignification?
You turn into a tree.
Your +0 cloak melds into your body.
Your +0 hat melds into your body.
Your +1 pair of gloves melds into your body.
The +2 pair of boots of the Wilderness {Int+7} melds into your body.
Your +0 robe melds into your body.
Your roots penetrate the ground.
The fire dragon bites you.
* * * LOW HITPOINT WARNING * * *
The fire dragon claws you.
* * * LOW HITPOINT WARNING * * *
The fire dragon tramples you but does no damage.
The ogre hits you with a +0 giant club!
You die...
Your divinity fades.

######.[. ###......#
#<..###### .
#############.###
##..#.........)<..#
......†.#########.......
#######..D#######.######
###.♣O......#
#######..## . ##


You could see a fire dragon and an ogre.

Vanquished Creatures
  Pikel (D:5)
  A crocodile (D:6)
  3 orc warriors
  A sky beast (D:4)
  An ogre (D:5)
  A bullfrog (D:6)
  A wyvern zombie (D:6)
  A howler monkey (D:7)
  2 crimson imps
  3 bullfrog zombies
  5 orc priests
  Crazy Yiuf (D:2)
  2 hounds
  6 orc wizards
  A bullfrog skeleton (D:4)
  3 iguanas
  3 worker ants
  A hound skeleton (D:5)
  3 gnolls (D:4)
  An adder (D:5)
  3 oozes
  2 dart slugs (D:1)
  3 worms
  3 leopard geckos (D:1)
  11 orcs
  4 ball pythons
  A giant cockroach (D:1)
  2 goblins
  7 hobgoblins
  11 jackals
  9 kobolds
  3 quokkas
  6 bats
  6 frilled lizards
  4 rats
116 creatures vanquished.

Vanquished Creatures (others)
  A bullfrog skeleton (D:5)
1 creature vanquished.

Grand Total: 117 creatures vanquished

Notes
Turn   | Place    | Note
-------+----------+-------------------------------------------
     0 | D:1      | Morbidden the Demigod Wizard began the quest for the Orb.
     0 | D:1      | Reached XP level 1. HP: 14/14 MP: 6/6
   164 | D:1      | Reached skill level 1 in Conjurations
   238 | D:1      | Reached skill level 3 in Spellcasting
   356 | D:1      | Reached XP level 2. HP: 13/20 MP: 0/8
   994 | D:2      | Found a radiant altar of Vehumet.
   995 | D:2      | Found a glowing silver altar of Zin.
   997 | D:2      | Found a shadowy altar of Dithmenos.
  1524 | D:1      | Reached * piety under Demigod
  1571 | D:1      | Reached XP level 3. HP: 27/27 MP: 5/10
  2226 | D:2      | Found a stormy altar of Qazlal.
  2303 | D:2      | Learned a level 3 spell: Spider Form
  2735 | D:2      | Found a runed door.
  2740 | D:2      | Noticed Crazy Yiuf
  2747 | D:2      | Killed Crazy Yiuf
  2747 | D:2      | Reached XP level 4. HP: 18/34 MP: 9/12
  3394 | D:3      | Reached ** piety under Demigod
  3394 | D:3      | Reached skill level 1 in Fighting
  3923 | D:4      | Found Linippyf's Antique Armour Shop.
  3995 | D:4      | Reached XP level 5. HP: 35/40 MP: 3/14
  4054 | D:4      | Found Ympolyt's Antique Armour Shop.
  4068 | D:4      | Reached skill level 4 in Spellcasting
  4093 | D:4      | Found Ittittel's General Store.
  4123 | D:4      | Found Ypeaff's Assorted Antiques.
  4347 | D:4      | Noticed a sky beast
  4377 | D:4      | Killed a sky beast
  4377 | D:4      | Reached skill level 1 in Transmutations
  4377 | D:4      | Reached skill level 1 in Poison Magic
  4377 | D:4      | Reached XP level 6. HP: 23/47 MP: 12/15
  4827 | D:4      | Found a hazy altar of Hepliaklqana.
  5014 | D:4      | Found Wuvongug's Armour Shoppe.
  5244 | D:5      | Entered Level 5 of the Dungeon
  5244 | D:5      | Noticed Pikel
  5244 | D:5      | Noticed a slave
  5244 | D:5      | Noticed a slave
  5244 | D:5      | Noticed a slave
  5244 | D:5      | Noticed a slave
  5616 | D:5      | Noticed an orc warrior
  5641 | D:5      | Learned a level 3 spell: Mephitic Cloud
  5721 | D:5      | Reached XP level 7. HP: 53/53 MP: 11/17
  6117 | D:5      | Killed Pikel
  6117 | D:5      | Reached skill level 1 in Unarmed Combat
  6117 | D:5      | Reached skill level 5 in Spellcasting
  6117 | D:5      | Reached XP level 8. HP: 56/62 MP: 13/19
  6189 | D:5      | Found a staircase to the Ecumenical Temple.
  6612 | D:5      | Reached *** piety under Demigod
  7214 | D:6      | Reached skill level 6 in Spellcasting
  7665 | D:6      | Reached XP level 9. HP: 65/70 MP: 21/21
  7793 | D:4      | Bought a pair of polished boots for 209 gold pieces
  7799 | D:4      | Identified the +2 pair of boots of the Wilderness {Int+7}
                  | (You bought it in a shop on level 4 of the Dungeon)
  7905 | D:7      | Noticed a fire dragon
  7917 | D:7      | HP: 7/157 [fire dragon/blast of flame (8)]
  7921 | D:7      | HP: 1/157 [fire dragon (6)]
  7933 | D:7      | HP: 5/105 [fire dragon (3)]
  7933 | D:7      | HP: 2/105 [fire dragon (3)]
  7933 | D:7      | Demolished by an ogre

Skill      XL: |  1  2  3  4  5  6  7  8  9 |
---------------+----------------------------+-----
Conjurations   | 1 2 3 |  3.7
Spellcasting   | 3 4 5 6 |  6.1
Dodging        | 2 3 |  3.9
Fighting       | 1 2 3 |  3.4
Transmutations | 1 2 |  2.5
Poison Magic   | 1 2 3 |  3.0
Unarmed Combat | 1 2 |  2.4
Stealth        | 3 4 |  4.0
Short Blades   | |  0.6
Staves         | |  0.8
Summonings     | |  0.8
Translocations | |  0.8
Air Magic      | |  0.7

Action                   |  1- 3 |  4- 6 |  7- 9 || total
-------------------------+-------+-------+-------++-------
Melee: Staff             |    29 |       |    33 ||    62
       Unarmed           |    13 |    76 |   110 ||   199
       Dagger            |    12 |    55 |     2 ||    69
 Cast: Magic Dart        |   130 |   131 |    70 ||   331
       Spider Form       |     2 |    11 |     9 ||    22
       Mephitic Cloud    |       |       |    16 ||    16
 Abil: End Transformatio |       |       |     5 ||     5
  Use: Scroll            |     1 |     2 |       ||     3
       Potion            |     1 |       |    12 ||    13
 Stab: Sleeping          |     1 |     1 |     2 ||     4
       Confused          |       |       |     6 ||     6
       Invisible         |       |       |     2 ||     2
  Eat: Chunk             |     6 |     9 |     4 ||    19
       Ration            |       |       |     1 ||     1
Armor: Robe              |    26 |    24 |     4 ||    54
       Skin              |     1 |     4 |    36 ||    41
Dodge: Dodged            |    60 |   125 |   151 ||   336
